 Dungeon Crawl Stone Soup version 0.23.1 (webtiles) character file.

Game seed: 16206915080970604166

109 Borgoz the Skirmisher (level 4, -9/38 HPs)
             Began as a Ghoul Warper on Mar 8, 2019.
             Killed by divine providence
             ... invoked by an orc priest
              (15 damage)
             ... on level 3 of the Dungeon.
             The game lasted 00:02:59 (1795 turns).

Borgoz the Skirmisher (Ghoul Warper)                Turns: 1795, Time: 00:02:59

Health: -9/38      AC:  5    Str: 14    XL:     4   Next: 90%
Magic:  6/6        EV: 11    Int:  8    God:
Gold:   103        SH:  0    Dex:  9    Spells: 7/7 levels left

rFire    . . .     SeeInvis .     - Unarmed
rCold    + . .     Gourm    .   (no shield)
rNeg     + + +     Faith    .   k - +0 ring mail
rPois    ∞         Spirit   .   (no helmet)
rElec    .         Reflect  .   (no cloak)
rCorr    .         Harm     .   (no gloves)
MR       .....                  (no boots)
Stlth    ..........             (no amulet)
HPRegen  0.00/turn              (no ring)
MPRegen  0.10/turn              (no ring)

@: rotting
A: rotting body, claws 1, carnivore, cold resistance 1, negative energy
resistance 3, inhibited regeneration, torment resistance, unbreathing
a: no special abilities


You were on level 3 of the Dungeon.
You were not hungry.

You visited 1 branch of the dungeon, and saw 3 of its levels.

You collected 103 gold pieces.

Inventory:

Hand Weapons
 m - a +0 short sword
Missiles
 d - 5 tomahawks of dispersal (quivered)
 g - 29 poisoned needles
Armour
 k - a +0 ring mail (worn)
Scrolls
 c - a scroll of blinking
 e - 2 scrolls of identify {unknown}
 h - 2 scrolls of fear {unknown}
 i - a scroll of immolation {unknown}
Potions
 b - a potion of haste {unknown}
 j - 2 potions of cancellation {unknown}
 l - a potion of degeneration {unknown}
 n - a potion of brilliance {unknown}
Comestibles
 a - a chunk of flesh
 f - 7 rations


   Skills:
 + Level 3.0 Fighting
 * Level 0.9 Short Blades
 - Level 0.8 Throwing
 * Level 2.0 Armour
 + Level 2.3 Dodging
 - Level 2.7 Unarmed Combat
 + Level 2.3 Spellcasting
   Level 2.6 Translocations


You had 7 spell levels left.
You didn't know any spells.
Your spell library contained the following spells:

 Spells                   Type           Power        Failure   Level  Hunger
 Blink                    Tloc           N/A          34%         2    ###....
 Shroud of Golubria       Chrm/Tloc      #.........   52%         2    ###....
 Gell's Gravitas          Tloc           #.........   56%         3    ####...
 Lesser Beckoning         Tloc           #.........   56%         3    ####...
 Teleport Other           Tloc           #.......     56%         3    ####...
 Passage of Golubria      Tloc           N/A          92%         4    #####..


Dungeon Overview and Level Annotations

Branches:
Dungeon (3/15)

Altars:

Annotations:
D:2 1 runed translucent door, Crazy Yiuf


Innate Abilities, Weirdness & Mutations

Your body is rotting away.
You thrive on raw meat.
You are immune to poison.
You have sharp fingernails.
You are carnivorous and can eat meat at any time.
Your flesh is cold resistant. (rC+)
You are immune to negative energy. (rN+++)
You do not regenerate when monsters are visible.
You are immune to unholy pain and torment.
You can survive without breathing.


Message History

The orc warrior closely misses you.
You scratch the orc warrior but do no damage.
The orc warrior hits you with a cursed -2 battleaxe!
You are too injured to fight recklessly!
You are too injured to fight recklessly!
You are too injured to fight recklessly!
Eat one of 5 chunks of flesh? (ye/n/q)
You eat one of the 5 chunks of flesh.
This raw flesh tastes great!
Eat one of 4 chunks of flesh? (ye/n/q)
You eat one of the 4 chunks of flesh.
This raw flesh tastes great!
The orc warrior hits you with a cursed -2 battleaxe!
Eat one of 3 chunks of flesh? (ye/n/q)
You eat one of the 3 chunks of flesh.
This raw flesh tastes great!
The orc warrior hits you with a cursed -2 battleaxe!
* * * LOW HITPOINT WARNING * * *
Eat one of 2 chunks of flesh? (ye/n/q)
You eat one of the 2 chunks of flesh.
This raw flesh tastes great!
The orc priest invokes the aid of Beogh against you.
Beogh smites you!
You die...

#.....# #### ##
####.....# #.. ..
#........# #.# #.
..#....)######.###
#.
#...............#
#.
##...#.######.#.#
#. #..##.#
#.#.###. #.....#
###.......
#.#@####
.........## #o#
#.###.###÷#


oo. #..# #)# ..... #..###.# ....... # #......# .........#.##...#.##
..........+)..>....# #..........####...### #..## You could see an orc warrior,
an orc priest and an orc.

Vanquished Creatures
  5 adders
  3 oozes
  2 worms (D:2)
  5 orcs (D:3)
  4 bats
  A giant cockroach (D:1)
  4 goblins
  7 hobgoblins
  6 kobolds
  2 ball pythons
  3 frilled lizards
  3 rats
45 creatures vanquished.

Notes
Turn   | Place    | Note
-------+----------+-------------------------------------------
     0 | D:1      | Borgoz the Ghoul Warper began the quest for the Orb.
     0 | D:1      | Reached XP level 1. HP: 17/17 MP: 2/2
    81 | D:1      | Reached skill level 1 in Armour
   392 | D:1      | Reached XP level 2. HP: 5/25 MP: 3/3
   870 | D:2      | Reached XP level 3. HP: 25/30 MP: 5/5
  1176 | D:2      | Found a runed translucent door.
  1177 | D:2      | Noticed Crazy Yiuf
  1199 | D:2      | Reached XP level 4. HP: 37/37 MP: 6/6
  1640 | D:3      | Reached skill level 3 in Fighting
  1769 | D:3      | Noticed an orc warrior
  1795 | D:3      | Killed from afar by an orc priest

Skill      XL: |  1  2  3  4 |
---------------+-------------+-----
Armour         | 1 2 |  2.0
Dodging        | 2 |  2.3
Spellcasting   | 2 |  2.3
Fighting       | 3 |  3.0
Short Blades   | |  0.9
Throwing       | |  0.8
Unarmed Combat | |  2.7
Translocations | |  2.6

Action                   |  1- 3 |  4- 6 || total
-------------------------+-------+-------++-------
Melee: Unarmed           |   113 |   109 ||   222
       Punch             |     1 |     2 ||     3
  Eat: Chunk             |    10 |    17 ||    27
Armor: Leather armour    |    22 |       ||    22
       Ring mail         |    21 |    35 ||    56
Dodge: Dodged            |    78 |    54 ||   132
